 Dungeon Crawl Stone Soup version 0.24.0-37-gcf1ca852f1 (webtiles) character file.

Game seed: 13314832959432324595, levelgen mode: deterministic

7 FishyPogo the Magician (level 2, 0/22 HPs)
             Began as a Naga Wizard on Dec 8, 2019.
             Slain by an adder (4 damage)
             ... on level 2 of the Dungeon.
             The game lasted 00:02:06 (205 turns).

FishyPogo the Magician (Naga Wizard)                 Turns: 205, Time: 00:02:07

Health: 0/22       AC:  2    Str:  9    XL:     2   Next: 0%
Magic:  0/6        EV: 10    Int: 18    God:
Gold:   13         SH:  0    Dex:  9    Spells: 4/7 levels left

rFire    . . .     SeeInvis +   (no weapon)
rCold    . . .     Gourm    .   (no shield)
rNeg     . . .     Faith    .   a - +0 robe
rPois    +         Spirit   .   c - +0 helmet
rElec    .         Reflect  .   (no cloak)
rCorr    .         Harm     .   (no gloves)
MR       .....                  (no barding)
Stlth    ++........             (no amulet)
HPRegen  0.07/turn              (no ring)
MPRegen  0.10/turn              (no ring)

@: short of breath, very slightly contaminated, very slow
A: large, see invisible, deformed body, poison resistance, slowness 2, slow
metabolism 1, spit poison 1, AC +0
a: Spit Poison


You were on level 2 of the Dungeon.
You were not hungry.

You visited 1 branch of the dungeon, and saw 2 of its levels.

You collected 13 gold pieces.

Inventory:

Armour
 a - a +0 robe (worn)
 b - a +0 hat
 c - a +0 helmet (worn)
Scrolls
 e - a scroll of teleportation {unknown}
Potions
 g - 2 potions of brilliance {unknown}
Comestibles
 d - a ration
 f - 3 chunks of flesh


   Skills:
 + Level 1.7 Dodging
 - Level 3.0 Stealth
 * Level 3.2 Spellcasting
 + Level 1.2 Conjurations
 - Level 1.0 Summonings
   Level 1.0 Translocations


You had 4 spell levels left.
You knew the following spells:

 Your Spells              Type           Power        Failure   Level  Hunger
a - Magic Dart            Conj           #...         10%         1    None
p - Call Imp              Summ           #.......     16%         2    ##.....

Your spell library contained the following spells:

 Spells                   Type           Power        Failure   Level  Hunger
 Blink                    Tloc           N/A          16%         2    ##.....
 Slow                     Hex            #.......     24%         2    ##.....
 Conjure Flame            Conj/Fire      #.......     36%         3    ###....
 Mephitic Cloud           Conj/Pois/Air  #.......     38%         3    ###....


Dungeon Overview and Level Annotations

Branches:
Dungeon (1/15)

Altars:


Innate Abilities, Weirdness & Mutations

You cannot wear boots.
Your serpentine skin is tough. (AC +0)
You have supernaturally acute eyesight. (SInv)
Armour fits poorly on your strangely shaped body.
Your system is resistant to poisons. (rPois)
You cover ground very slowly.
You have a slow metabolism.
You can spit poison.


Message History

The kobold is severely wounded.
You have got your breath back.
The adder bites you.
* * * LOW HITPOINT WARNING * * *
The kobold closely misses you.
Casting: Magic Dart (safe; 10% risk of failure)
Confirm with . or Enter, or press ? or * to list all spells.
Aiming: Magic Dart (safe; 10% risk of failure)
Press: ? - help, Shift-Dir - straight line The magic dart hits the adder.
The adder is severely wounded.
The adder completely misses you. The kobold barely misses you.
Press: ? - help, Shift-Dir - straight line, f - adder
Aim: an adder (severely wounded)
The splash of poison misses the adder.
You feel slightly more hungry. The adder closely misses you.
The kobold hits you but does no damage.
You hit the adder.
The adder is almost dead.
The adder barely misses you. The adder bites you.
You die...

##### #.#.#
###########.#.#
............#.#
#######.##....#####
#...........###
#.#####.......# #.#
#.......# #.#
#...@S..# #######.#
#....K†.# ......#.#
#...........
......#
...........#.
......#
#######.....#
......+ .....#
......# ##'#.#
.÷....# .#.#
......+


You could see an adder and a kobold.

Vanquished Creatures
  2 goblins
  A hobgoblin (D:1)
  2 bats (D:1)
  A frilled lizard (D:2)
  2 rats (D:2)
8 creatures vanquished.

Notes
Turn   | Place    | Note
-------+----------+-------------------------------------------
     0 | D:1      | FishyPogo the Naga Wizard began the quest for the Orb.
     0 | D:1      | Reached XP level 1. HP: 15/15 MP: 4/4
   123 | D:1      | You fall into a shaft and drop 1 floor!
   188 | D:2      | Reached XP level 2. HP: 22/22 MP: 0/6
   192 | D:2      | Learned a level 2 spell: Call Imp
   205 | D:2      | Slain by an adder

Levels and vault maps discovered:
D:1:      dpeg_arrival_stonehenge_12_columns, layout_basic
D:2:      layout_basic, kennysheep_potato

Action                   || total
-------------------------++-------
Melee: Unarmed           ||     9
 Cast: Magic Dart        ||    13
 Abil: Spit Poison       ||     5
Armor: Robe              ||     2
Dodge: Dodged            ||    14
